 Dungeon Crawl Stone Soup version 0.18.1-50-g88ac8fd (webtiles) character file.

241 KarmaPolice the Grave Robber (level 5, -3/35 HPs)
             Began as a Vampire Necromancer on Sept 28, 2016.
             Slain by a gnoll (9 damage)
             ... on level 3 of the Dungeon.
             The game lasted 00:11:37 (7100 turns).

KarmaPolice the Grave Robber (Vampire Necromancer)  Turns: 7100, Time: 00:11:37

Health: -3/35      AC:  3    Str:  7    XL:     5   Next: 80%
Magic:  2/11       EV: 12    Int: 18    God:
Gold:   150        SH:  0    Dex: 15    Spells: 3 memorised, 4 levels left

rFire  . . .     SeeInvis +     (no weapon)
rCold  + . .     Gourm    .     a - +0 robe
rNeg   + + .     Faith    .     (no shield)
rPois  +         Spirit   .     r - +0 helmet
rElec  .         Dismiss  .     (no cloak)
rCorr  .         Reflect  .     (no gloves)
SustAt .         Harm     .     (no boots)
MR     .....                    (no amulet)
Stlth  +++.......               (no ring)
                                (no ring)

@: very slightly contaminated, regenerating slowly, not resistant to hostile
enchantments, fairly stealthy
A: fangs 3, see invisible, unbreathing
a: Bat Form


You were on level 3 of the Dungeon.
You were very thirsty.

You visited 1 branch of the dungeon, and saw 3 of its levels.

You collected 150 gold pieces.

Inventory:

Armour
 a - a +0 robe (worn)
 r - a +0 helmet (worn)
Jewellery
 e - a +3 amulet of reflection {unknown}
 t - an uncursed ring of sustain attributes {unknown}
Scrolls
 d - a scroll of fog {unknown}
 f - 2 scrolls of magic mapping {unknown}
 g - 3 scrolls of enchant armour {unknown}
 h - 2 scrolls of teleportation {unknown}
 j - 3 scrolls of enchant weapon {unknown}
 k - a scroll of remove curse {unknown}
 l - 5 scrolls of recharging {unknown}
 o - 3 scrolls of identify {unknown}
 p - a scroll of fear {unknown}
 q - a scroll of amnesia {unknown}
Potions
 c - a potion of blood
 m - a potion of mutation {unknown}
 n - a potion of agility {unknown}
 s - a potion of resistance {unknown}
 u - a potion of heal wounds
Books
 b - a book of Necromancy

   Spells                             Type                      Level
   a - Pain                           Necromancy                   1
   b - Animate Skeleton               Necromancy                   1
   c - Vampiric Draining              Necromancy                   3
   d - Regeneration                   Charms/Necromancy            3
   e - Animate Dead                   Necromancy                   4
   f - Control Undead                 Necromancy                   4


   Skills:
 - Level 2.1 Dodging
 - Level 3.0 Stealth
 + Level 4.1 Spellcasting
 + Level 6.4 Necromancy


You had 4 spell levels left.
You knew the following spells:

 Your Spells              Type           Power        Failure   Level  Hunger
a - Pain                  Necr           ####         1%          1    None
b - Vampiric Draining     Necr           ####......   3%          3    ###....
c - Animate Dead          Necr           N/A          14%         4    ####...


Dungeon Overview and Level Annotations

Branches:
Dungeon (3/15)

Altars:
Dithmenos
Qazlal
Ru


Innate Abilities, Weirdness & Mutations

You heal slowly.
You have razor-sharp teeth.
You have supernaturally acute eyesight.
You can survive without breathing.


Message History

Aiming: Pain
Press: ? - help, Shift-Dir - straight line, f/p - gnoll
Aim: a gnoll (moderately wounded, chance to defeat MR: 89%)
The gnoll convulses in agony!
The gnoll hits you.
Casting: Pain
Confirm with . or Enter, or press ? or * to list all spells.
You miscast Animate Dead.
You are very lightly contaminated with residual magic.
Pain shoots through your body!
* * * LOW HITPOINT WARNING * * *
The gnoll hits you.
* * * LOW HITPOINT WARNING * * *
Casting: Animate Dead
Confirm with . or Enter, or press ? or * to list all spells.
Aiming: Vampiric Draining
Press: ? - help, Shift-Dir - straight line, f/p - gnoll
Aim: a gnoll (heavily wounded)
The gnoll is almost dead.
You feel life coursing into your body. The gnoll hits you!
You die...

##### #.Z.###### #Z#..ZZ..#
#.######.# ##.# ##.#########
#Z.# ##.........[# .#
Z.#####.......).@.##.# ###
#...S>.....g..##.#
###.#....[......##.#
###.....#..).........#
............#####.#..########
(###........................#
.# #........................#
.# #########...##...........#
## ##...#...........#


You could see a gnoll.

Vanquished Creatures
  An orc priest (D:3)
  2 orc wizards (D:2)
  2 gnolls
  3 adders
  An ooze (D:2)
  2 worms
  3 dart slugs (D:1)
  A giant gecko (D:1)
  6 orcs
  A ball python (D:2)
  4 giant cockroaches
  3 goblins
  6 hobgoblins (D:2)
  3 jackals (D:1)
  A quokka (D:3)
  9 bats
  5 giant newts
  6 kobolds (D:1)
  14 rats
73 creatures vanquished.

Vanquished Creatures (collateral kills)
  A jelly (D:3)
  An adder (D:3)
  A goblin (D:3)
  A giant newt (D:3)
4 creatures vanquished.

Grand Total: 77 creatures vanquished

Notes
Turn   | Place    | Note
--------------------------------------------------------------
     0 | D:1      | KarmaPolice the Vampire Necromancer began the quest for the Orb.
     0 | D:1      | Reached XP level 1. HP: 13/13 MP: 3/3
   558 | D:1      | Reached XP level 2. HP: 16/19 MP: 0/5
  1129 | D:1      | Reached skill level 5 in Necromancy
  2008 | D:1      | Reached XP level 3. HP: 21/24 MP: 4/6
  2013 | D:1      | Learned a level 3 spell: Vampiric Draining
  3966 | D:2      | Reached XP level 4. HP: 25/30 MP: 4/8
  4288 | D:3      | Found a stormy altar of Qazlal.
  5194 | D:3      | Reached XP level 5. HP: 31/35 MP: 0/10
  5277 | D:2      | Learned a level 4 spell: Animate Dead
  5410 | D:2      | Reached skill level 6 in Necromancy
  6314 | D:3      | Found a shadowy altar of Dithmenos.
  6315 | D:3      | Found a sacrificial altar of Ru.
  7100 | D:3      | Slain by a gnoll

Skill      XL: |  1  2  3  4  5 |
---------------+----------------+-----
Necromancy     | 5 6 |  6.4
Spellcasting   | 3 4 |  4.1
Dodging        | |  2.1
Stealth        | |  3.0

Action                   |  1- 3 |  4- 6 || total
-------------------------+-------+-------++-------
Melee: Unarmed           |   153 |    55 ||   208
       Bite              |     9 |     4 ||    13
 Cast: Pain              |    53 |    54 ||   107
       Vampiric Draining |     3 |     4 ||     7
       Animate Dead      |       |     6 ||     6
 Abil: End Transformatio |     1 |     5 ||     6
       Bat Form          |     1 |     5 ||     6
  Use: Potion            |     1 |     6 ||     7
 Stab: Sleeping          |     6 |     1 ||     7
  Eat: Corpse            |     1 |     1 ||     2
Armor: Robe              |    39 |    33 ||    72
Dodge: Dodged            |   139 |   127 ||   266
